Map: Dead of Night

Players

Schmolltroll

  • Race: Terran Terran
  • Spawn Location: 0:00

NamroodTuo

  • Race: Zerg Zerg

VOD

Have the link to the VOD?

Description

Time

  • Played on: March 18, 2023, 4:04 p.m.
  • Length: 30:02
Show
View Real Time Build Order
Export as new Build Order

Schmolltroll Terran 

Build Orders:  

Get SALT Encoding   

  12  2:20  SCV  
  13  2:32  Supply Depot  
  13  2:34  Supply Depot  
  13  2:36  Barracks  
  13  2:37  SCV  
  14  2:41  Barracks  
  14  2:46  Refinery  
  14  2:54  SCV  
  15  3:10  SCV  
  15  3:14  Refinery  
  15  3:19  Marine x2  
  16  3:21  Refinery  
  16  3:27  SCV  
  16  3:29  Marine x2  
  19  3:39  Marine x2  
  21  3:44  SCV  
  21  3:49  Marine x2  
  24  3:52  Supply Depot  
  24  3:56  Supply Depot  
  24  3:59  Marine  
  26  4:01  SCV  
  29  4:10  Barracks Tech Lab  
  29  4:14  Barracks Tech Lab  
  29  4:18  SCV  
  30  4:23  Unknown  
  30  4:25  Marine  
  30  4:35  SCV  
  31  4:47  Supply Depot  
  31  4:49  Supply Depot  
  31  4:52  SCV  
  32  5:09  SCV  
  33  5:13  Stabilizer Medpacks  
  33  5:26  SCV  
  34  5:38  Supply Depot  
  34  5:39  Supply Depot  
  34  5:43  SCV  
  35  5:50  Medic x2  
  39  6:00  SCV  
  40  6:13  Unknown, Incinerator Gauntlets, Concussive Shells  
  40  6:17  SCV  
  41  6:28  Marauder, Firebat  
  41  6:34  SCV  
  46  6:40  Medic  
  48  6:51  SCV  
  48  6:56  Supply Depot x2  
  49  7:08  SCV  
  50  7:12  Marauder  
  50  7:13  Firebat  
  54  7:24  Medic  
  54  7:25  SCV  
  57  7:41  SCV  
  57  7:47  Juggernaut Plating  
  58  7:58  SCV  
  59  8:06  Supply Depot  
  59  8:07  Supply Depot  
  59  8:10  Engineering Bay  
  59  8:12  Marine  
  59  8:13  Marauder  
  59  8:15  SCV  
  63  8:23  Medic  
  63  8:26  Firebat  
  67  8:32  SCV  
  67  8:36  Medic  
  67  8:38  Medic  
  70  8:47  Unknown, Engineering Bay  
  70  8:49  SCV  
  73  9:11  Marine  
  73  9:12  Marauder  
  76  9:21  Terran Infantry Weapons Level 1, Medic  
  76  9:23  Terran Infantry Armor Level 1  
  76  9:24  Firebat  
  76  9:29  Factory  
  80  9:33  SCV  
  60  9:50  SCV  
  82  10:08  Orbital Command  
  80  10:58  Marine  
  80  10:59  Marauder  
  80  11:09  Medic  
  83  11:12  Firebat  
  83  11:19  Marine, SCV  
  88  11:25  Marauder  
  88  11:29  Medic  
  90  11:36  SCV  
  90  11:37  Firebat  
  91  11:44  Armory  
  93  11:53  SCV  
  92  12:03  Unknown  
  92  12:10  SCV  
  91  12:27  SCV  
  91  13:09  Marine  
  91  13:10  Marauder  
  91  13:19  Medic  
  94  13:22  Firebat  
  94  13:24  Terran Infantry Weapons Level 2  
  94  13:25  Terran Infantry Armor Level 2  
  94  13:29  Marine  
  98  13:35  Marauder  
  98  13:39  Medic  
  101  13:46  Supply Depot  
  101  13:47  Supply Depot  
  101  13:48  Firebat  
  101  13:49  Supply Depot  
  103  13:50  Supply Depot  
  103  13:52  Supply Depot  
  103  13:54  Supply Depot  
  103  13:56  Starport  
  103  13:57  Marine  
  106  14:00  Marauder  
  106  14:07  Medic  
  108  14:13  Firebat  
  112  14:22  Bunker  
  112  14:35  Missile Turret  
  112  14:55  Bunker  
  112  15:02  Missile Turret  
  111  15:27  Bunker  
  111  15:29  Missile Turret  
  109  15:44  Neosteel Frame  
  107  15:56  Missile Turret  
  103  16:00  Marine  
  103  16:01  Marauder  
  106  16:10  Medic  
  106  16:13  Firebat  
  110  16:20  Marine  
  110  16:24  Barracks  
  110  16:26  Marauder  
  113  16:30  Medic  
  113  16:35  Structure Armor, Unknown  
  113  16:39  Firebat  
  115  16:41  Marine  
  118  16:51  Marine x2  
  120  17:01  Marine x2  
  122  17:11  Medic  
  122  17:12  Marauder  
  126  17:22  Firebat  
  128  17:46  Marine  
  128  17:47  Marauder  
  129  17:57  Medic  
  133  18:00  Firebat  
  133  18:07  Marine  
  135  18:13  Marauder  
  135  18:17  Medic  
  138  18:25  Firebat  
  138  18:27  Marine  
  142  18:38  Marauder  
  145  19:54  Marine  
  145  19:55  Marauder  
  148  20:02  Barracks Tech Lab  
  148  20:05  Medic  
  148  20:08  Firebat  
  150  20:11  Supply Depot  
  150  20:12  Supply Depot  
  150  20:15  Supply Depot  
  150  20:16  Supply Depot  
  152  20:30  Marine  
  152  20:31  Marauder, Medic  
  157  20:40  Firebat  
  157  20:41  Marine  
  157  20:44  Marauder  
  162  20:51  Medic  
  162  20:53  Firebat  
  166  23:04  Marine  
  166  23:05  Marauder, Medic  
  171  23:15  Marine, Firebat  
  171  23:18  Marauder  
  174  23:25  Medic  
  174  23:28  Firebat  
  178  23:30  Marine  
  178  23:36  Marauder  
  183  23:40  Medic  
  183  23:41  Firebat  
  183  24:19  Marine  
  147  24:20  Marauder, Medic  
  183  24:26  Terran Infantry Weapons Level 3  
  183  24:27  Terran Infantry Armor Level 3  
  188  24:30  Marine, Firebat  
  191  25:28  Medic, Supply Depot  
  191  25:29  Marauder, Firebat  
  191  25:39  Marine  
  197  25:45  Marauder, Supply Depot  
  197  25:47  Medic  
  199  25:57  Marine  
  199  26:07  Medic  
  167  27:34  Marine  
  167  27:35  Marauder, Medic  
  172  27:45  Marine, Firebat  
  172  27:48  Marauder  
  175  27:55  Medic  
  175  27:58  Firebat  
  179  28:00  Marine  
  179  28:06  Marauder  
  179  28:07  Unknown  
  180  28:10  Medic  
  180  28:11  Firebat  
  180  28:18  Marine  
  182  28:21  Marauder  
  182  28:23  Medic  
  182  28:28  Marine  
  183  28:33  Marauder, Medic  
  183  28:39  Firebat  
  188  28:50  Marine  
  188  28:51  Marauder, Medic  
Show
View Real Time Build Order
Export as new Build Order

NamroodTuo Zerg 

Build Orders:  

Get SALT Encoding   

  12  0:12  Overlord  
  12  0:23  Infested SCV  
  13  0:31  Infested SCV  
  13  0:33  Infested SCV  
  13  0:38  Infested SCV  
  16  0:49  Infested SCV  
  17  1:02  Infested Barracks  
  17  1:08  Infested SCV  
  18  1:25  Infested SCV  
  19  1:38  Infested SCV  
  20  1:48  Infested Refinery  
  20  1:53  Infested SCV  
  21  2:07  Infestation Level 1  
  21  2:11  Overlord  
  21  2:29  Infested SCV  
  26  2:50  Infested SCV, Infested Bunker  
  26  2:58  Infested SCV  
  28  3:13  Infested Barracks Tech Lab  
  28  3:15  Overlord  
  28  3:35  Infested Engineering Bay  
  32  4:00  Infested Bunker  
  32  4:01  Infested Marine  
  32  4:02  Infested Marine x6  
  32  4:07  Anaerobic Enhancement  
  39  4:26  Infested Refinery  
  37  4:32  Regenerative Plating  
  37  4:39  Infested Marine x4  
  36  4:56  Overlord  
  36  5:17  Infested SCV x3  
  39  5:23  Overlord  
  39  5:25  Overlord  
  38  5:33  Infested Refinery  
  38  5:53  Infestation Level 2  
  38  5:54  Infested Factory  
  36  6:15  Infested Bunker  
  36  6:16  Infested Marine  
  36  6:17  Infested Marine x6  
  46  7:05  Stukov Infantry Weapons Level 1  
  46  7:14  Overseer  
  46  7:29  Infested SCV  
  47  7:30  Infested SCV x4  
  47  7:36  Infested Marine  
  47  7:37  Infested Marine x8  
  47  7:38  Infested Marine x3  
  63  7:55  Infested Bunker  
  63  7:57  Infested SCV  
  61  8:17  Infested Armory  
  61  8:24  Overseer  
  61  8:29  Overseer  
  61  8:40  Overseer  
  61  8:44  Overlord x3  
  61  8:57  Infested Marine x2  
  63  9:09  Retinal Augmentation  
  63  9:15  Infested SCV x2  
  53  9:23  Infested SCV  
  54  9:45  Stukov Infantry Armor Level 1, Infested Bunker  
  54  9:46  Unknown  
  58  9:58  Infested SCV x2  
  60  10:05  Infested Marine  
  60  10:06  Infested Marine x10  
  71  10:13  Infested SCV  
  72  10:31  Infested Missile Turret  
  72  10:36  Infested Bunker  
  74  10:41  Infested SCV  
  64  11:30  Infested SCV  
  64  11:31  Infested SCV x3  
  68  11:46  Infested Bunker  
  72  11:58  Infested SCV  
  73  12:00  Aggressive Incubation  
  73  12:08  Infested SCV  
  74  12:25  Stukov Infantry Weapons Level 2  
  74  12:29  Infested Missile Turret  
  78  12:30  Infested Bunker  
  78  12:41  Overlord, Infested SCV  
  79  13:01  Infested Barracks  
  79  13:26  Infested Missile Turret  
  83  13:46  Infested Missile Turret  
  83  13:49  Infested Missile Turret  
  83  14:01  Infested Bunker  
  83  14:11  Infested Bunker  
  87  14:24  Infested Missile Turret  
  87  14:31  Infested Bunker  
  91  14:52  Infested Missile Turret  
  91  15:06  Infested Marine  
  91  15:07  Infested Marine x3  
  95  15:13  Overlord x2  
  95  15:14  Overlord x3  
  95  15:21  Infested Missile Turret  
  95  15:35  Calcified Armor  
  91  15:52  Infested Bunker  
  95  16:03  Infested Missile Turret  
  99  16:35  Stukov Infantry Armor Level 2  
  99  16:36  Infested Bunker  
  99  16:39  Infested Marine x5  
  104  16:40  Infested Marine x11  
  104  16:44  Infestation Level 3  
  113  17:21  Infested Barracks  
  99  17:47  Infested Marine  
  99  17:48  Infested Marine x6  
  99  17:49  Infested Marine x4  
  114  18:14  Infested Bunker  
  118  18:32  Infested Marine  
  118  18:33  Infested Marine x16  
  125  19:03  Infested Bunker  
  125  19:04  Unknown x3  
  125  19:05  Unknown x6  
  125  19:06  Unknown x3  
  125  19:07  Unknown x6  
  125  19:08  Unknown x3  
  125  19:09  Unknown x6  
  123  19:10  Unknown x3  
  123  19:11  Unknown x6  
  123  19:12  Unknown x3  
  123  19:13  Unknown x6  
  123  19:14  Unknown x3  
  123  19:15  Unknown x6  
  123  19:16  Unknown x3  
  123  19:17  Unknown x6  
  123  19:18  Unknown x3  
  123  19:19  Unknown x6  
  123  19:20  Unknown x3  
  123  19:21  Unknown x6  
  123  19:22  Unknown x3  
  123  19:23  Unknown x6  
  118  19:36  Infested Bunker  
  116  19:40  Infested Bunker  
  116  19:45  Stukov Infantry Weapons Level 3  
  114  20:04  Infested Bunker  
  121  20:10  Infested Factory Tech Lab  
  121  20:42  Infested Siege Tank x3  
  126  20:56  Infested Bunker  
  122  21:06  Stukov Vehicle and Ship Armor Level 1  
  121  22:09  Overlord x5  
  121  22:21  Infested Siege Tank x4  
  133  22:37  Infested Marine x6  
  133  22:38  Infested Marine x21  
  133  22:39  Infested Marine x2  
  147  23:25  Stukov Infantry Armor Level 3  
  147  23:26  Infested Siege Tank x3  
  147  23:27  Infested Siege Tank  
  153  23:31  Overlord  
  144  23:46  Stukov Vehicle and Ship Weapons Level 1  
  137  24:17  Infested Marine  
  137  24:18  Infested Marine x13  
  137  24:19  Infested Marine x16  
  159  24:24  Overlord x2  
  159  24:25  Overlord x2  
  159  24:27  Overseer x3  
  159  24:41  Infested Siege Tank  
  162  24:56  Saturated Cultures  
  158  25:56  Automated Mitosis  
  158  25:58  Infested Marine  
  158  25:59  Infested Marine x17  
  135  26:26  Stukov Vehicle and Ship Armor Level 2  
  124  26:59  Infested Siege Tank x2  
  129  27:00  Infested Siege Tank x3  
  121  28:15  Infested Marine  
  121  28:16  Infested Marine x11  
  121  28:17  Infested Marine x20  
  140  29:01  Infested Marine  
  140  29:02  Infested Marine x13  
  140  29:03  Infested Marine x19  
  140  29:04  Infested Marine  
Tags
 
Commander
RaynorStukov
Matchup
Co-op
Replay Pack
Multiplayer
Add a new tag
Caveats
  • Supply blocks, unpowered buildings, or Contaminate may cause inaccurate times.
  • Supply counts are checked every 10 seconds.